 Dungeon Crawl Stone Soup version 0.22-a0-565-gfc6459a (webtiles) character file.

1585640 iamserjio the Conqueror (level 27, 417/436 HPs)
             Began as an Octopode Monk on June 27, 2018.
             Was the Champion of Okawaru.
             Escaped with the Orb
             ... and 3 runes on June 28, 2018!
             The game lasted 06:00:06 (85480 turns).

iamserjio the Conqueror (Octopode Monk)            Turns: 85480, Time: 06:00:06

Health: 417/436    AC: 33    Str: 25    XL:     27
Magic:  38/45      EV: 39    Int: 32    God:    Okawaru [******]
Gold:   1846       SH: 39    Dex: 20    Spells: 12/42 levels left

rFire    + + +     SeeInvis +   Q - +7 captain's cutlass {speed, disarm}
rCold    + + +     Gourm    .   R - +10 large shield of Ignorance {rN+ Int-4}
rNeg     + + .     Faith    .   Y - +3 hat of Pondering {ponderous, MR+ MP+10 Int+5}
rPois    ∞         Spirit   .   c - +4 amulet of reflection
rElec    +         Reflect  +   D - ring of see invisible
rCorr    +         Harm     .   S - ring of protection from fire
MR       +++++                  q - ring of the Traitor {rElec rF+ Int+3}
Stlth    ..........             k - ring "Pofirao" {rPois EV+3 Int+2}
HPRegen  0.82/turn              T - ring of the Foremost Lovers {Wiz rElec MR+}
MPRegen  0.29/turn              C - ring of Zocwed {Str+2 Int+2 Slay+5}
                                N - ring "Vogruzupt" {*Drain +Inv rPois rC++ MR+}
                                j - ring of Shadows {Umbra +Inv Stlth+}

@: mighty, brilliant, agile, berserking, statue-form, resistant, very slightly
contaminated, wreathed by umbra, invisible, slow
A: almost no armour, stealthy swim, amphibious, 8 rings, constrict 8, repulsion
field 1, camouflage 1, blink, clever 1, mutation resistance 1, wild magic 1
0: Orb of Zot
}: 3/15 runes: decaying, silver, gossamer
a: End Transformation, Blink, Heroism, Finesse, Renounce Religion


You escaped.
You worshipped Okawaru.
Okawaru was exalted by your worship.
You were very hungry.
You were a stone statue.
You visited 10 branches of the dungeon, and saw 50 of its levels.
You visited the Abyss 1 time.
You visited 1 bazaar.
You also visited: Sewer.

You collected 7924 gold pieces.
You spent 6078 gold pieces at shops.

Inventory:

Hand Weapons
 p - a +9 double sword of flaming
 Q - the +7 captain's cutlass (weapon) {speed, disarm}
   (You took it off a deep elf annihilator on level 3 of the Elven Halls)

   Attacks with this weapon are significantly faster.
Armour
 d - the +13 large shield of Death Resistance {rF- rCorr Str+6 Int+8}
   (Okawaru gifted it to you on level 5 of the Vaults)

   It affects your strength (+6).
   It affects your intelligence (+8).
   It makes you vulnerable to fire.
   It protects you from acid and corrosion.
 z - a +5 shield of fire resistance
 G - a +1 hat of magic resistance
 R - the +10 large shield of Ignorance (worn) {rN+ Int-4}
   (You took it off a daeva on level 3 of the Depths)

   It affects your intelligence (-4).
   It protects you from negative energy.
 Y - the +3 hat of Pondering (worn) {ponderous, MR+ MP+10 Int+5}
   (You found it on level 3 of the Elven Halls)

   It affects your intelligence (+5).
   It affects your resistance to hostile enchantments.
   It affects your magic capacity (+10).
Jewellery
 c - a +4 amulet of reflection (around mantle)
 j - the ring of Shadows (on tentacle) {Umbra +Inv Stlth+}
   (You bought it in a shop on level 2 of the Orcish Mines)

   [ring of stealth]

   It lets you turn invisible.
   It makes you more stealthy.
 k - the ring "Pofirao" (on tentacle) {rPois EV+3 Int+2}
   (You took it off a deep elf archer on level 3 of the Elven Halls)

   [ring of evasion]

   It affects your evasion (+3).
   It affects your intelligence (+2).
   It protects you from poison.
 q - the ring of the Traitor (on tentacle) {rElec rF+ Int+3}
   (You found it on level 5 of the Depths)

   [ring of intelligence]

   It affects your intelligence (+3).
   It protects you from fire.
   It insulates you from electricity.
 B - an uncursed ring of positive energy
 C - the ring of Zocwed (on tentacle) {Str+2 Int+2 Slay+5}
   (You bought it in a shop in a bazaar)

   [ring of intelligence]

   It affects your strength (+2).
   It affects your intelligence (+2).
   It affects your accuracy and damage with ranged weapons and melee attacks
   (+5).
 D - a ring of see invisible (left tentacle)
 E - a +3 ring of protection
 N - the ring "Vogruzupt" (on tentacle) {*Drain +Inv rPois rC++ MR+}
   (You took it off the Enchantress on level 2 of the Depths)

   [ring of poison resistance]

   It greatly protects you from cold.
   It protects you from poison.
   It affects your resistance to hostile enchantments.
   It lets you turn invisible.
   It causes draining when unequipped.
 O - a +3 ring of protection
 P - an uncursed ring of resist corrosion
 S - a ring of protection from fire (right tentacle)
 T - the ring of the Foremost Lovers (on tentacle) {Wiz rElec MR+}
   (You bought it in a shop on level 3 of the Elven Halls)

   [ring of wizardry]

   It improves your spell success rate.
   It insulates you from electricity.
   It affects your resistance to hostile enchantments.
Wands
 i - a wand of paralysis (43)
 l - a wand of digging (59)
 U - a wand of acid (23)
 X - a wand of clouds (5)
Scrolls
 f - a scroll of holy word
 g - 10 scrolls of magic mapping
 m - 16 scrolls of fear
 r - 3 scrolls of fog
 s - 9 scrolls of blinking
 t - 17 scrolls of teleportation
 y - 4 scrolls of identify {@r1}
 A - 3 scrolls of remove curse {@r2}
 F - a scroll of summoning
Potions
 a - 2 potions of agility
 e - 4 potions of might
 h - 6 potions of cancellation
 n - 4 potions of berserk rage
 o - 12 potions of mutation
 u - 18 potions of curing {@q1}
 I - 5 potions of brilliance
 J - a potion of magic
 M - 9 potions of heal wounds
 V - a potion of resistance
 Z - 4 potions of haste
Miscellaneous
 v - a lightning rod (4/4)
 w - 3 boxes of beasts
 H - a phial of floods
 K - 4 phantom mirrors
 L - a lamp of fire
 W - a fan of gales
Comestibles
 b - 31 rations


   Skills:
 O Level 27 Fighting
 - Level 5.6(11.8) Short Blades
 - Level 15.6(16.0) Long Blades
 - Level 20.0 Dodging
 + Level 20.4 Stealth
 + Level 22.0 Shields
 - Level 8.0 Spellcasting
 - Level 3.0 Charms
 - Level 6.0 Necromancy
 - Level 3.0 Translocations
 - Level 12.0 Transmutations
 - Level 12.0 Earth Magic
 - Level 7.0 Invocations
 - Level 6.0 Evocations


You had 12 spell levels left.
You knew the following spells:

 Your Spells              Type           Power        Failure   Level  Hunger
a - Animate Skeleton      Necr           N/A          1%          1    None
b - Blink                 Tloc           N/A          1%          2    None
c - Regeneration          Chrm/Necr      ######....   1%          3    None
d - Animate Dead          Necr           N/A          1%          4    None
e - Shroud of Golubria    Chrm/Tloc      ######....   1%          2    None
f - Apportation           Tloc           ######       1%          1    None
g - Borgnjor's Vile Clut  Necr/Erth      #######...   1%          5    ####...
h - Summon Butterflies    Summ           #####...     1%          1    None
i - Statue Form           Tmut/Erth      #######..    1%          6    #####..
j - Dispel Undead         Necr           #######.     2%          5    ####...

Your spell library contained the following spells:

 Spells                   Type           Power        Failure   Level  Hunger
 Cause Fear               Hex            #####.....   8%          4    None
 Magic Dart               Conj           ####         1%          1    None
 Fireball                 Conj/Fire      #####.....   19%         5    ####...
 Conjure Flame            Conj/Fire      #####...     2%          3    None
 Bolt of Fire             Conj/Fire      #####.....   61%         6    #####..
 Bolt of Cold             Conj/Ice       #####.....   61%         6    #####..
 Lightning Bolt           Conj/Air       #####.....   19%         5    ####...
 Bolt of Magma            Conj/Fire/Erth ######....   4%          5    ####...
 Slow                     Hex            #####...     1%          2    None
 Confuse                  Hex            #####...     2%          3    None
 Invisibility             Hex            #####...     61%         6    #####..
 Throw Frost              Conj/Ice       #####.       1%          2    None
 Freezing Cloud           Conj/Ice/Air   #####.....   61%         6    #####..
 Mephitic Cloud           Conj/Pois/Air  #####...     2%          3    None
 Ring of Flames           Chrm/Fire      ######....   89%         7    #######
 Venom Bolt               Conj/Pois      #####.....   19%         5    ####...
 Teleport Other           Tloc           ######..     1%          3    None
 Summon Small Mammal      Summ           ####         1%          1    None
 Bolt of Draining         Conj/Necr      ######....   7%          5    ####...
 Lehudib's Crystal Spear  Conj/Erth      #######...   93%         8    #######
 Fire Storm               Conj/Fire      #####.....   100%        9    #######
 Iskenderun's Mystic Bla  Conj           #####...     8%          4    None
 Pain                     Necr           ####         1%          1    None
 Vampiric Draining        Necr           #######...   1%          3    None
 Ozocubu's Refrigeration  Ice            #####.....   61%         6    #####..
 Sticky Flame             Conj/Fire      #####...     8%          4    None
 Ozocubu's Armour         Chrm/Ice       ######..     1%          3    None
 Call Imp                 Summ           #####...     1%          2    None
 Poison Arrow             Conj/Pois      #####.....   61%         6    #####..
 Sting                    Conj/Pois      ####         1%          1    None
 Sublimation of Blood     Necr           #######...   1%          2    None
 Tukima's Dance           Hex            #####...     2%          3    None
 Summon Demon             Summ           #####.....   19%         5    ####...
 Corpse Rot               Necr           N/A          1%          2    None
 Iron Shot                Conj/Erth      #######...   10%         6    #####..
 Stone Arrow              Conj/Erth      ######       1%          3    None
 Shock                    Conj/Air       ####         1%          1    None
 Swiftness                Chrm/Air       ######..     1%          2    None
 Recall                   Summ/Tloc      N/A          1%          3    None
 Agony                    Necr           #######.     2%          5    ####...
 Ice Form                 Ice/Tmut       #######.     1%          4    None
 Dragon Form              Tmut           #######...   5%          7    #######
 Glaciate                 Conj/Ice       #####.....   100%        9    #######
 Airstrike                Air            #####.....   8%          4    None
 Shadow Creatures         Summ           N/A          61%         6    #####..
 Confusing Touch          Hex            #####.       1%          1    None
 Flame Tongue             Conj/Fire      #####        1%          1    None
 Ignite Poison            Fire/Tmut/Pois ######..     1%          3    None
 Ensorcelled Hibernation  Hex/Ice        #####.       1%          2    None
 Metabolic Englaciation   Hex/Ice        #####.....   19%         5    ####...
 Shatter                  Erth           #######...   96%         9    #######
 Static Discharge         Conj/Air       #####...     2%          3    None
 Corona                   Hex            #####..      1%          1    None
 Alistair's Intoxication  Tmut/Pois      #######.     2%          5    ####...
 Lee's Rapid Deconstruct  Erth           #######...   1%          5    ####...
 Simulacrum               Ice/Necr       ######....   28%         6    #####..
 Chain Lightning          Conj/Air       #####.....   100%        8    #######
 Excruciating Wounds      Chrm/Necr      ######....   4%          5    ####...
 Portal Projectile        Hex/Tloc       ######       1%          3    None
 Petrify                  Tmut/Erth      #######.     1%          4    None
 Passage of Golubria      Tloc           N/A          2%          4    None
 Orb of Destruction       Conj           #####.....   97%         7    #######
 Leda's Liquefaction      Hex/Erth       #######...   1%          4    None
 Summon Hydra             Summ           #####.....   97%         7    #######
 Inner Flame              Hex/Fire       #####...     2%          3    None
 Aura of Abjuration       Summ           #####.....   19%         5    ####...
 Iskenderun's Battlesphe  Conj/Chrm      ######..     12%         5    ####...
 Fulminant Prism          Conj/Hex       #####.....   8%          4    None
 Dazzling Spray           Conj/Hex       #####.       2%          3    None
 Force Lance              Conj/Tloc      ######..     4%          4    None
 Infusion                 Chrm           ####         1%          1    None
 Spectral Weapon          Hex/Chrm       ######..     1%          3    None
 Searing Ray              Conj           #####.       1%          2    None
 Summon Forest            Summ/Tloc      ######....   12%         5    ####...
 Summon Guardian Golem    Hex/Summ       #####...     2%          3    None
 Dragon's Call            Summ           #####.....   100%        9    #######
 Spellforged Servitor     Conj/Summ      #####.....   97%         7    #######
 Summon Mana Viper        Hex/Summ       #####...     19%         5    ####...
 Hydra Form               Tmut           #######...   1%          6    #####..
 Irradiate                Conj/Tmut      #######...   2%          5    ####...
 Gell's Gravitas          Tloc           ######....   1%          3    None
 Yara's Violent Unravell  Hex/Tmut       #######...   2%          5    ####...
 Lesser Beckoning         Tloc           ######....   1%          3    None
 Ignition                 Fire           #####.....   100%        8    #######


Dungeon Overview and Level Annotations

Branches:
Dungeon (15/15)            Temple (1/1) D:4            Lair (6/6) D:9
  Swamp (4/4) Lair:4       Spider (4/4) Lair:3        Slime (0/5) Lair:5
    Orc (2/2) D:11            Elf (3/3) Orc:2        Vaults (5/5) D:13
  Crypt (0/3) Vaults:3     Depths (5/5) D:15            Zot (5/5) Depths:5

Altars:
Cheibriados
Dithmenos
Elyvilon
Fedhas
Gozag
Kikubaaqudgha
Makhleb
Okawaru
Ru
Sif Muna
Trog
Vehumet
Wu Jian
Xom
Yredelemnul
Zin
The Shining One
Jiyva

Shops:
D:15 *   Orc:1 =   Orc:2 (}=?   Elf:1 [   Elf:2 }*[(   Elf:3 =}=   Vaults:2 (
Vaults:4 !   Vaults:5 !   Depths:1 %

Portals:
Hell: Depths:1 Depths:2 Depths:3 Depths:4 Depths:5
Abyss: Depths:4
Pandemonium: Depths:3 Depths:4
Ziggurat: Depths:4
Trove: Vaults:1 (give 9 potions of agility)

Annotations:
D:3 1 exclusion
D:15 1 runed door, Zgarb's ghost, journeyman VSSu
Lair:2 exclusion: oklob plant
Swamp:1 1 exclusion
Elf:2 3 runed doors
Elf:3 1 exclusion
Vaults:4 2 runed doors, Exkageocw's ghost, adept DECj; Gugguf's ghost, veteran HuFi
Depths:2 1 exclusion
Depths:3 1 exclusion
Depths:4 1 exclusion
Depths:5 1 exclusion
Zot:2 1 exclusion
Zot:3 3 runed doors, 1 exclusion, Ghella's ghost, legendary GrFi
Zot:4 1 runed door, Noal's ghost, legendary DDFi
Zot:5 1 runed door, 1 exclusion, Woelael's ghost, legendary NaFi


Innate Abilities, Weirdness & Mutations

You cannot wear most types of armour.
You are very stealthy in the water. (Stealth+)
You are amphibious.
You can wear up to eight rings at the same time.
You can use your tentacles to constrict eight enemies at once.
Your skin changes colour to match your surroundings (Stealth+).
((Your rubbery body absorbs attacks. (AC +1, EV +1)))
You are surrounded by a mild repulsion field. (EV +2)
You can translocate small distances at will.
Your mind is acute. (Int +2)
You are somewhat resistant to further mutation.
Your spells are a little harder to cast, but a little more powerful.


Message History

You finish taking off your +1 hat of magic resistance.
You feel less resistant to hostile enchantments.
You start putting on your armour.
You continue putting on the +3 hat of Pondering {ponderous, MR+ MP+10 Int+5}. x5
You finish putting on the +3 hat of Pondering {ponderous, MR+ MP+10 Int+5}.
You feel rather ponderous.
Wear which item? (? for menu, Esc to quit)
Okay, then.
Put on which piece of jewellery? (? for menu, Esc to quit)
Okay, then.
You feel agile all of a sudden.
You feel clever all of a sudden.
You feel protected.
You fade into invisibility!
You are very lightly contaminated with residual magic.
You feel very mighty all of a sudden.
A red film seems to cover your vision as you go berserk!
You feel yourself moving faster!
You feel mighty!
You feel a strong urge to attack something.
You have escaped!

.# ########.#......#...# .#
######........######.#..(# .#
#......####...## #.#...#
.####.##########...#####.#...#
.....(..#................#...#
#####.#.#..##♣♣♣.♣♣♣##...#####
#####'#.#..# ♣⌠♣ #...#
........#..♣♣♣♣♣.♣♣♣♣♣...#
........#.....⌠.8.⌠......########
........#..♣♣♣♣♣.♣♣♣♣♣...#......#
...........# ♣⌠♣ #...#.####.#
...........##♣♣♣.♣♣♣##...#....#.#
#.............................#.#
.........####.############..#.#.#
####.[.#.# #...............#.#.#
###...# ######.####.#####.#.#
#.### #.# #.....(.#..


There were no monsters in sight!

Vanquished Creatures
  4 orbs of fire (Zot:5)
  5 ancient liches
  Mennas (Depths:3)
  Sojobo (Depths:1)
  3 pandemonium lords
  Bai Suzhen (Swamp:4)
  A caustic shrike (shapeshifter) (Depths:5)
  4 curse toes
  4 Killer Klowns
  10 golden dragons
  Nikola (Swamp:3)
  the Enchantress (Depths:2)
  2 bone dragons
  A Brimstone Fiend (D:14)
  3 electric golems
  A Hell Sentinel (D:1)
  7 liches
  14 tentacled monstrosities
  A hellephant (Abyss:4)
  35 Orb Guardians
  2 deep elf blademasters (Elf:3)
  7 titans
  6 quicksilver dragons
  A deep elf master archer (Elf:3)
  An Executioner (D:15)
  4 death cobs
  2 tentacled starspawn (Abyss:4)
  4 sphinxes
  Frances (D:12)
  3 thorn hunters
  Kirke (Spider:3)
  13 storm dragons
  9 shadow dragons
  4 large abominations
  9 tengu reavers
  4 draconian monks
  3 daevas (Depths:3)
  Aizul (Swamp:2)
  8 ghost moths
  10 deep elf sorcerers
  9 draconian knights
  10 fire giants
  8 draconian scorchers
  7 iron dragons
  A cacodemon (D:9)
  A ghoul (Vaults:3)
  3 angels (Depths:3)
  18 vault wardens
  11 draconian annihilators
  A caustic shrike zombie (Depths:1)
  7 draconian shifters
  11 frost giants
  2 emperor scorpions (Spider:4)
  8 deep elf elementalists
  5 draconian stormcallers
  18 stone giants
  A reaper (Abyss:4)
  A spriggan defender (Depths:1)
  7 entropy weavers
  2 war gargoyles
  23 very ugly things
  12 green draconians
  2 vampire knights
  A dire elephant (Depths:2)
  19 ironheart preservers
  13 black draconians
  9 deep elf demonologists
  10 red draconians
  14 white draconians
  14 purple draconians
  8 deep elf annihilators
  18 yellow draconians
  The ghost of Poenetso the Nimble, a journeyman SpBe of Trog (Depths:5)
  A lorocyproca (Depths:4)
  Azrael (D:13)
  A dire elephant (shapeshifter) (Vaults:5)
  A spark wasp (Spider:4)
  Snorg (D:13)
  4 small abominations
  11 deep elf death magi
  13 ettins
  The ghost of suvakkihuora the Zephyrmancer, a journeyman TeIE of Vehumet (Lair:4)
  2 merfolk javelineers (Depths:4)
  3 merfolk impalers
  A fire dragon (shapeshifter) (Depths:1)
  7 fire dragons
  16 ogre magi
  7 deep elf high priests
  8 yaktaur captains
  Josephine (Spider:1)
  4 rakshasas
  17 vault guards
  15 ice dragons
  5 great orbs of eyes
  2 hell beasts
  Harold (Lair:4)
  20 hydras
  Fannar (Lair:3)
  A ghost crab (Swamp:1)
  10 centaur warriors
  A naga warrior (D:15)
  A hydra (shapeshifter) (Depths:2)
  5 spriggan air magi
  3 death knights
  10 alligators
  15 dancing weapons
  34 two-headed ogres
  4 deep troll shamans
  7 tengu warriors
  7 deep troll earth magi
  9 death yaks
  4 orc high priests
  Urug (D:10)
  2 sun demons
  33 deep elf knights
  A thrashing horror (Abyss:4)
  A shadow wraith (Vaults:4)
  5 spriggan berserkers
  6 hell knights
  A sixfirhy (Zot:5)
  A spatial maelstrom (Abyss:4)
  2 wretched stars (Abyss:4)
  2 skeletal warriors (Vaults:3)
  4 spriggan druids
  6 iron trolls
  6 cherubim (Depths:3)
  37 deep trolls
  3 unseen horrors
  10 swamp dragons
  3 shambling mangroves
  5 flayed ghosts
  A torturous demonspawn (Depths:3)
  3 wizards
  18 deep elf archers
  3 glowing orange brains
  A shadow dragon zombie (Vaults:4)
  14 ironbrand convokers
  A lindwurm (Lair:3)
  A sphinx zombie (Depths:1)
  A golden dragon skeleton (Depths:2)
  3 phantasmal warriors (Vaults:5)
  6 necromancers
  12 orb spiders
  A wolf spider (shapeshifter) (Vaults:5)
  19 orc knights
  15 ugly things
  69 deep elf magi
  A mana viper (shapeshifter) (Vaults:5)
  2 shining eyes (shapeshifter)
  An oklob plant (Lair:2)
  A frost giant zombie (Vaults:2)
  9 orc sorcerers
  13 cyclopes
  3 manticores
  A sphinx skeleton (Vaults:4)
  A salamander (shapeshifter) (Abyss:4)
  27 moths of wrath
  22 wolf spiders
  A frost giant skeleton (Vaults:2)
  3 worldbinders (Abyss:4)
  A manticore (shapeshifter) (Vaults:3)
  2 stone giant skeletons
  A moth of wrath (shapeshifter) (D:15)
  4 elephants (Lair:6)
  A guardian serpent (shapeshifter) (Vaults:2)
  Maurice (Orc:2)
  4 black mambas
  An eye of devastation (Abyss:4)
  2 apocalypse crabs (Abyss:4)
  18 vault sentinels
  A rust devil (Depths:4)
  A torpor snail (Spider:4)
  An ice statue (Depths:3)
  3 rime drakes (shapeshifter)
  3 gargoyles (Depths:4)
  13 spiny frogs
  An orange demon (Zot:1)
  A yaktaur zombie (Vaults:2)
  A komodo dragon (shapeshifter) (D:15)
  2 efreet
  9 demonic crawlers
  2 yaktaurs (shapeshifter)
  4 rime drakes
  2 hellwings
  2 ice devils
  6 komodo dragons
  3 tengu conjurers
  7 freezing wraiths
  52 yaktaurs
  A tormentor (D:9)
  A human skeleton (Vaults:4)
  A merfolk (D:9)
  A troll (shapeshifter) (Vaults:2)
  A jumping spider (shapeshifter) (Depths:4)
  A shadow dragon simulacrum (Depths:1)
  2 polar bears
  Grinder (D:4)
  17 jumping spiders
  9 tyrant leeches
  A meliai zombie (D:12)
  22 hornets
  A hippogriff (shapeshifter) (D:8)
  4 raiju (Abyss:4)
  12 trolls
  7 bog bodies
  13 blink frogs
  39 slime creatures
  A sphinx simulacrum (Vaults:2)
  A dream sheep (Lair:6)
  A blink frog (shapeshifter) (Depths:4)
  A frost giant simulacrum (Depths:2)
  Sigmund (D:2)
  A slime creature (shapeshifter) (Vaults:3)
  An ettin zombie (Vaults:2)
  8 air elementals
  12 starcursed masses (Abyss:4)
  16 spriggans
  A vampire (D:13)
  A flying skull (Abyss:4)
  11 hippogriffs
  3 shadows
  68 redbacks
  5 wyverns
  A centaur simulacrum (D:14)
  4 ynoxinuls
  A tarantella (shapeshifter) (Vaults:5)
  25 tarantellas
  16 water elementals
  33 yaks
  6 fire elementals
  8 wraiths
  3 chaos spawn
  A basilisk (shapeshifter) (Vaults:2)
  3 basilisks
  A fire bat (shapeshifter) (Vaults:4)
  4 hogs (Spider:3)
  A yaktaur simulacrum (Depths:1)
  2 neqoxecs
  3 hungry ghosts
  9 vampire mosquitoes
  An elf simulacrum (Depths:2)
  Menkaure (D:7)
  5 insubstantial wisps (Swamp:1)
  14 swamp worms
  11 wargs
  2 acid dragons
  3 spatial vortices (Abyss:4)
  A soldier ant (D:14)
  4 hell hounds (D:13)
  4 water moccasins
  9 porcupines
  6 swamp drakes
  A floating eye (shapeshifter) (Vaults:4)
  Purgy (Sewer)
  49 orc warriors
  2 ice beasts
  3 phantoms
  17 black bears
  10 centaurs
  An eye of draining (shapeshifter) (D:14)
  An eye of draining (D:12)
  41 ogres
  11 boggarts
  14 crocodiles
  21 wolves
  2 human zombies (Vaults:2)
  23 bullfrogs
  2 gnoll sergeants (D:9)
  A water moccasin zombie (D:9)
  3 earth elementals
  A wyvern zombie (D:13)
  6 scorpions
  2 human simulacra
  8 killer bees
  17 wights
  2 howler monkeys (D:12)
  7 electric eels
  12 crimson imps
  3 centaur zombies
  A quasit (Depths:5)
  3 hounds
  5 jellies
  2 bullfrog skeletons
  28 orc wizards
  A bullfrog zombie (D:5)
  37 orc priests
  4 centaur skeletons
  A gnoll shaman (D:9)
  5 iron imps
  3 iguanas
  10 worker ants
  A hound zombie (D:8)
  2 hound skeletons
  12 gnolls
  10 adders
  5 shadow imps
  2 white imps
  2 oozes
  An adder zombie (D:10)
  4 worms
  3 dart slugs
  8 leopard geckos
  99 orcs
  9 giant cockroaches
  4 goblins
  6 hobgoblins
  18 jackals
  5 quokkas
  10 bats
  7 frilled lizards
  15 kobolds
  A leopard gecko skeleton (D:4)
  A leopard gecko zombie (D:6)
  A quokka skeleton (D:8)
  A quokka zombie (D:8)
  5 rats
  3 crawling corpses (Vaults:2)
  2 plants
  2 starspawn tentacles (Abyss:4)
2302 creatures vanquished.

Vanquished Creatures (collateral kills)
  2 golden dragons (Vaults:5)
  A tentacled monstrosity (Zot:1)
  A sphinx (Depths:3)
  A thorn hunter (Swamp:3)
  A tengu reaver (Vaults:5)
  2 shadow dragons (Zot:1)
  A fire giant (Vaults:5)
  A vault warden (Vaults:5)
  A frost giant (D:15)
  2 ironheart preservers
  An emperor scorpion (Spider:4)
  A black draconian (Zot:1)
  A yaktaur captain (Depths:3)
  2 ettins
  A fire dragon (Zot:1)
  7 vault guards (Vaults:5)
  An ice dragon (Zot:1)
  4 hydras
  An alligator (Swamp:3)
  A two-headed ogre (D:9)
  A deep troll shaman (Depths:3)
  A deep elf archer (Vaults:5)
  4 swamp dragons
  A phantasmal warrior (Vaults:5)
  An ironbrand convoker (Vaults:2)
  A wolf spider zombie (D:14)
  2 orb spiders (Spider:4)
  5 wolf spiders (Spider:4)
  A moth of wrath (Zot:3)
  A vault sentinel (Vaults:5)
  A spiny frog (Swamp:2)
  A rime drake (Lair:4)
  A yaktaur (Vaults:1)
  2 komodo dragons
  5 jumping spiders (Spider:4)
  5 trolls
  2 tyrant leeches
  A polar bear (Lair:6)
  5 slime creatures
  3 hornets
  8 blink frogs
  2 hippogriffs
  5 bog bodies
  A dream sheep (Lair:6)
  14 redbacks
  4 spriggans
  3 tarantellas
  3 yaks (Lair:1)
  A vampire mosquito (Swamp:1)
  A swamp worm (Swamp:3)
  A hell hound (D:13)
  2 water moccasins
  2 swamp drakes
  3 black bears
  4 orc warriors (Orc:2)
  A phantom (D:9)
  A wolf (Lair:6)
  3 ogres
  A crocodile (Lair:3)
  A gnoll sergeant (D:9)
  2 bullfrogs
  A scorpion (D:9)
  6 electric eels
  A gnoll shaman (D:9)
  A hound (D:9)
  An orc priest (D:9)
  2 orc wizards
  2 shadow imps
  5 orcs
  9 fungi
  3 plants
171 creatures vanquished.

Vanquished Creatures (others)
  An ancient lich (Zot:5)
  A deep elf master archer (Elf:3)
  A draconian shifter (Zot:1)
  2 stone giants
  An ironheart preserver (Vaults:1)
  A war gargoyle (Depths:4)
  An ogre mage (Depths:1)
  A yaktaur captain (Vaults:2)
  A two-headed ogre (Depths:4)
  A deep elf knight (Elf:2)
  A deep elf archer (Vaults:2)
  2 deep elf magi
  A moth of wrath (Zot:5)
  14 yaktaurs
  A jumping spider (Spider:3)
  A tyrant leech (Swamp:4)
  A redback (Spider:3)
  2 humans (Spider:3)
  2 ogres
  A centaur (D:15)
  A hound (D:4)
  An orc wizard (Vaults:2)
  A worm (D:4)
  2 orcs
  A frilled lizard (D:4)
  3 briar patches
  A bush (Lair:6)
  17 fungi
  47 plants
  5 starspawn tentacles (Abyss:4)
  2 withered plants (Depths:5)
118 creatures vanquished.

Grand Total: 2591 creatures vanquished

Notes
Turn   | Place    | Note
-------+----------+-------------------------------------------
     0 | D:1      | iamserjio the Octopode Monk began the quest for the Orb.
     0 | D:1      | Reached XP level 1. HP: 16/16 MP: 1/1
   176 | D:1      | Reached XP level 2. HP: 21/21 MP: 2/2
  1025 | D:2      | Noticed Sigmund
  1059 | D:2      | Reached XP level 3. HP: 20/26 MP: 3/3
  1389 | D:2      | Found an ornate altar of the Wu Jian Council.
  1846 | D:2      | Reached XP level 4. HP: 31/31 MP: 4/4
  2173 | D:3      | Found a bloodstained altar of Trog.
  2173 | D:3      | Noticed an eye of draining
  2173 | D:3      | Noticed an eye of draining
  2351 | D:3      | Reached XP level 5. HP: 30/37 MP: 5/5
  2451 | D:3      | Found a white marble altar of Elyvilon.
  3136 | D:4      | Found a shimmering altar of Xom.
  3272 | D:4      | Noticed Grinder
  3278 | D:4      | Killed Grinder
  3278 | D:4      | Reached skill level 4 in Fighting
  3278 | D:4      | Reached skill level 5 in Dodging
  3278 | D:4      | Reached skill level 5 in Stealth
  3278 | D:4      | Reached XP level 6. HP: 31/43 MP: 6/6
  3479 | D:4      | Reached XP level 7. HP: 48/48 MP: 7/7
  3639 | D:4      | Found a staircase to the Ecumenical Temple.
  3657 | Temple   | Entered the Ecumenical Temple
  3682 | Temple   | Became a worshipper of Warmaster Okawaru
  3682 | Temple   | Reached * piety under Okawaru
  3682 | Temple   | Reached ** piety under Okawaru
  4416 | D:2      | Killed Sigmund
  4416 | D:2      | Reached XP level 8. HP: 54/54 MP: 8/8
  4526 | D:5      | Entered Level 5 of the Dungeon
  4592 | D:5      | Reached skill level 5 in Fighting
  4728 | D:5      | Reached skill level 5 in Short Blades
  4954 | D:5      | Found a shadowy altar of Dithmenos.
  4954 | D:5      | Found a deep blue altar of Sif Muna.
  5334 | D:6      | Reached *** piety under Okawaru
  5334 | D:6      | Reached skill level 1 in Invocations
  5384 | D:6      | Found a glowing drain.
  5393 | Sewer    | Entered a sewer
  5473 | Sewer    | Noticed Purgy
  5485 | Sewer    | Killed Purgy
  5495 | Sewer    | Learned a level 1 spell: Animate Skeleton
  6312 | D:6      | Reached skill level 1 in Necromancy
  6653 | D:6      | Reached XP level 9. HP: 61/61 MP: 7/10
  6661 | D:6      | Reached skill level 1 in Spellcasting
  6914 | D:6      | Reached skill level 1 in Long Blades
  7383 | D:7      | Noticed Menkaure
  7395 | D:7      | Killed Menkaure
  7622 | D:7      | Found an ancient bone altar of Kikubaaqudgha.
  7654 | D:7      | Reached skill level 1 in Shields
  7657 | D:7      | Reached skill level 6 in Fighting
  8367 | D:8      | Noticed a two-headed ogre
  8376 | D:7      | Killed a two-headed ogre
  8376 | D:7      | Reached XP level 10. HP: 25/69 MP: 10/14
  8651 | D:8      | Found a radiant altar of Vehumet.
  8927 | D:8      | Reached **** piety under Okawaru
  8970 | D:8      | Noticed a two-headed ogre
  8984 | D:8      | Killed a two-headed ogre
  9020 | D:8      | Noticed a two-headed ogre
  9027 | D:8      | Killed a two-headed ogre
  9027 | D:8      | Reached skill level 5 in Long Blades
  9622 | D:8      | Noticed a shining eye
  9699 | D:8      | Noticed a centaur warrior
  9708 | D:8      | Killed a centaur warrior
  9708 | D:8      | Reached ***** piety under Okawaru
  9708 | D:8      | Reached skill level 7 in Fighting
  9723 | D:8      | Reached XP level 11. HP: 34/75 MP: 13/17
 10093 | D:8      | Found a snail-covered altar of Cheibriados.
 10803 | D:9      | Reached skill level 10 in Dodging
 11448 | D:9      | Noticed a manticore
 11469 | D:9      | Killed a manticore
 12827 | D:9      | Noticed a two-headed ogre
 12838 | D:9      | Killed a two-headed ogre
 12909 | D:9      | Noticed a two-headed ogre
 12927 | D:9      | Killed a two-headed ogre
 12956 | D:9      | Reached skill level 8 in Fighting
 12971 | D:9      | Found a staircase to the Lair.
 13604 | D:9      | Found an iron altar of Okawaru.
 14126 | D:10     | Entered Level 10 of the Dungeon
 14420 | D:10     | Noticed Urug
 14437 | D:10     | Killed Urug
 14863 | D:10     | Killed an unseen horror
 14863 | D:10     | Reached XP level 12. HP: 19/84 MP: 18/18
 15842 | D:11     | Received a gift from Okawaru
 16167 | D:11     | Found a staircase to the Orcish Mines.
 16377 | D:11     | Reached skill level 9 in Fighting
 16377 | D:11     | Reached skill level 5 in Shields
 17096 | D:11     | Learned a level 2 spell: Blink
 17100 | D:11     | Learned a level 3 spell: Regeneration
 17105 | D:11     | Learned a level 4 spell: Animate Dead
 17106 | Orc:1    | Entered Level 1 of the Orcish Mines
 17106 | Orc:1    | Found a burning altar of Makhleb.
 17106 | Orc:1    | Noticed an orc high priest
 17356 | D:11     | Learned a level 2 spell: Shroud of Golubria
 17368 | D:11     | Reached XP level 13. HP: 92/92 MP: 19/19
 18279 | D:11     | Received a gift from Okawaru
 18279 | D:11     | Reached skill level 1 in Translocations
 18465 | D:11     | Reached skill level 10 in Fighting
 18465 | D:11     | Reached skill level 1 in Charms
 19047 | Orc:1    | Found Fenesch's Jewellery Emporium.
 19621 | Orc:1    | Reached skill level 10 in Stealth
 19953 | Orc:2    | Entered Level 2 of the Orcish Mines
 20071 | Orc:1    | Bought a +3 ring of protection for 273 gold pieces
 20071 | Orc:1    | Bought a cursed ring of protection from magic for 286 gold pieces
 20763 | Orc:2    | Noticed an ettin
 21026 | Orc:1    | Bought an uncursed ring of protection from cold for 325 gold pieces
 21144 | Lair:1   | Entered Level 1 of the Lair of Beasts
 21740 | Lair:1   | Reached XP level 14. HP: 92/99 MP: 20/20
 24448 | Lair:2   | Learned a level 1 spell: Apportation
 24980 | Lair:3   | Reached skill level 10 in Shields
 26161 | Lair:3   | Noticed Fannar
 26163 | Lair:3   | Found a hole to the Spider Nest.
 26169 | Lair:3   | Killed Fannar
 26190 | Lair:3   | Reached skill level 5 in Necromancy
 26308 | Lair:3   | Received a gift from Okawaru
 27460 | Lair:4   | Noticed Harold
 27643 | Lair:4   | Found a staircase to the Swamp.
 27644 | Lair:4   | Killed Harold
 27678 | Lair:4   | Found a runed door.
 27680 | Lair:4   | Noticed suvakkihuora's ghost (journeyman TeIE)
 28480 | Lair:5   | Found a viscous altar of Jiyva.
 28482 | Lair:5   | Found a staircase to the Slime Pits.
 28548 | Lair:5   | Reached skill level 10 in Long Blades
 28845 | Lair:5   | HP: 3/99 [electric eel/bolt of electricity (9)]
 29611 | Lair:5   | Upgraded the game from 0.22-a0-558-gc224181 to 0.22-a0-565-gfc6459a
 29612 | Lair:6   | Entered Level 6 of the Lair of Beasts
 30003 | Lair:6   | Reached XP level 15. HP: 30/105 MP: 21/21
 31156 | Lair:6   | Received a gift from Okawaru
 31564 | Lair:6   | Reached skill level 11 in Fighting
 31953 | Lair:6   | Reached skill level 5 in Invocations
 32721 | D:12     | Noticed Frances
 32740 | D:12     | Killed Frances
 32740 | D:12     | Received a gift from Okawaru
 33299 | D:12     | You fall through a shaft for 3 floors!
 33299 | D:15     | Entered Level 15 of the Dungeon
 33329 | D:15     | Found a runed door.
 33329 | D:15     | Noticed a sphinx
 33329 | D:15     | Noticed Zgarb's ghost (journeyman VSSu)
 33580 | D:15     | Found Xadottam's Serpentskin Sales.
 34977 | D:14     | Reached skill level 12 in Fighting
 36059 | D:13     | Got a crude robe
 36109 | D:13     | Noticed Snorg
 36121 | D:13     | Killed Snorg
 36262 | D:13     | Reached XP level 16. HP: 114/114 MP: 20/22
 36286 | D:13     | Identified Voapopn's Grimoire of Ashen Aid
 36318 | D:13     | Noticed Azrael
 36610 | D:13     | Found a gate to the Vaults.
 36684 | D:13     | Killed Azrael
 37066 | Orc:1    | Learned a level 5 spell: Borgnjor's Vile Clutch
 37069 | Orc:1    | Learned a level 2 spell: Ensorcelled Hibernation
 37267 | Orc:2    | Noticed Maurice
 37296 | Orc:2    | Reached skill level 1 in Earth Magic
 37429 | Orc:2    | Found a staircase to the Elven Halls.
 37625 | Orc:2    | Killed Maurice
 38220 | Orc:2    | Received a gift from Okawaru
 38600 | Orc:2    | Found Caasisey's Magic Scroll Shoppe.
 38623 | Orc:2    | Found Jym Unuo's Gadget Shop.
 38625 | Orc:2    | Found Zihefaa's Weapon Shoppe.
 38625 | Orc:2    | Found Orphuqac's Jewellery Shop.
 38800 | Orc:2    | Bought a scroll of blinking for 75 gold pieces
 38802 | Orc:2    | Bought the ring of Shadows {Umbra +Inv Stlth+} for 600 gold pieces
 38802 | Orc:2    | Bought an uncursed ring of see invisible for 225 gold pieces
 38802 | Orc:2    | Found the ring of Shadows {Umbra +Inv Stlth+}
 39177 | D:15     | Found a glowing golden altar of the Shining One.
 39291 | D:15     | Reached skill level 13 in Fighting
 39931 | D:15     | Found a staircase to the Depths.
 40869 | Elf:1    | Entered Level 1 of the Elven Halls
 40988 | Elf:1    | Received a gift from Okawaru
 40991 | Elf:1    | Got a slimy longbow {god gift}
 41058 | Elf:1    | Found Azeajeh's Antique Armour Shoppe.
 41781 | Elf:1    | Identified Sif Muna's Reference Book on Calling
 41943 | Elf:1    | Received a gift from Okawaru
 41947 | Elf:1    | Got a crude large shield {god gift}
 42044 | Elf:1    | Reached XP level 17. HP: 124/124 MP: 23/23
 42097 | Elf:2    | Found Dorham's Gadget Shoppe.
 43130 | Elf:2    | Reached skill level 14 in Fighting
 43666 | Elf:2    | Reached skill level 5 in Earth Magic
 43945 | Elf:2    | Found Votutyok's Armour Shoppe.
 44049 | Elf:2    | Reached skill level 1 in Evocations
 44162 | Elf:2    | Found Elleidieggi's General Store.
 44367 | Elf:2    | Bought a scroll of blinking for 105 gold pieces
 44367 | Elf:2    | Bought a scroll of blinking for 105 gold pieces
 44420 | Elf:2    | Found Ajekiovvao's Weapon Shoppe.
 44441 | Elf:2    | Found a huge runed gate.
 44443 | Elf:2    | Found a huge runed gate.
 44446 | Elf:2    | Found a huge runed gate.
 44509 | Elf:3    | Entered Level 3 of the Elven Halls
 45126 | Elf:3    | Received a gift from Okawaru
 45139 | Elf:3    | Got an encrusted dagger {god gift}
 45140 | Elf:3    | Identified the +9 dagger of Deochag {antimagic, rElec rPois rN+ Str+2} (Okawaru gifted it to you on level 3 of the Elven Halls)
 45194 | Elf:3    | Found Seigi's Jewellery Shop.
 45195 | Elf:3    | Found Atsozeeph's Gadget Emporium.
 45196 | Elf:3    | Found Eharer's Jewellery Shop.
 45688 | Elf:3    | Noticed a deep elf master archer
 45699 | Elf:3    | Killed a deep elf master archer
 46223 | Elf:3    | Got a sapphire long sword {slice}
 46224 | Elf:3    | Identified the +10 long sword "Ofraruod" {slice, Stlth+} (You took it off a deep elf death mage on level 3 of the Elven Halls)
 46659 | Elf:3    | Received a gift from Okawaru
 46896 | Elf:3    | Reached XP level 18. HP: 87/133 MP: 20/24
 47046 | Elf:3    | Noticed a deep elf blademaster
 47065 | Elf:3    | Killed a deep elf blademaster
 47223 | Elf:3    | Reached skill level 15 in Fighting
 47229 | Elf:3    | Noticed a deep elf blademaster
 47251 | Elf:3    | Killed a deep elf blademaster
 47261 | Elf:3    | Noticed a deep elf master archer
 47274 | Elf:3    | Killed a deep elf master archer
 47365 | Elf:3    | Received a gift from Okawaru
 47525 | Elf:3    | Noticed an Ice Fiend
 47650 | Elf:3    | Received a gift from Okawaru
 47695 | Elf:3    | Noticed a Tzitzimitl
 47888 | Elf:3    | Reached skill level 5 in Evocations
 48183 | Elf:3    | Reached skill level 5 in Spellcasting
 48222 | Elf:3    | Got a serpentine pewter ring
 48224 | Elf:3    | Identified the ring "Pofirao" {rPois EV+3 Int+2} (You took it off a deep elf archer on level 3 of the Elven Halls)
 48226 | Elf:3    | Identified a scroll of acquirement
 48318 | Elf:3    | Got a brightly glowing marble ring
 48345 | Elf:3    | Identified the Papyrus of Boosting Ice
 48352 | Elf:3    | Found the +3 hat of Pondering {ponderous, MR+ MP+10 Int+5}
 48437 | Elf:3    | Learned a level 6 spell: Statue Form
 48440 | Elf:3    | Identified the cursed ring "Decall" {+Inv Str-3 Int-5 Slay+2} (You took it off a deep elf elementalist on level 3 of the Elven Halls)
 48460 | Elf:3    | Identified the +6 large shield of Weightlessness {MR- Str+5} (Okawaru gifted it to you on level 1 of the Elven Halls)
 48481 | Elf:3    | Learned a level 1 spell: Summon Butterflies
 48528 | Elf:3    | Bought the ring of the Foremost Lovers {Wiz rElec MR+} for 744 gold pieces
 48853 | Swamp:1  | Entered Level 1 of the Swamp
 49095 | Swamp:1  | Reached skill level 1 in Transmutations
 50060 | Swamp:2  | Noticed Aizul
 50068 | Swamp:2  | Killed Aizul
 50183 | Swamp:2  | Received a gift from Okawaru
 50746 | Swamp:4  | Entered Level 4 of the Swamp
 51180 | Swamp:4  | Reached skill level 15 in Shields
 51276 | Swamp:3  | Reached skill level 5 in Transmutations
 51387 | Swamp:3  | Noticed Nikola
 51403 | Swamp:3  | Killed Nikola
 51403 | Swamp:3  | Reached XP level 19. HP: 101/139 MP: 24/26
 51791 | Swamp:3  | Received a gift from Okawaru
 53055 | Swamp:4  | Noticed Bai Suzhen
 53065 | Swamp:4  | Killed Bai Suzhen
 53888 | Swamp:4  | Got a decaying rune of Zot
 54460 | Lair:4   | Killed suvakkihuora's ghost
 54600 | Spider:1 | Entered Level 1 of the Spider Nest
 54722 | Spider:1 | Reached skill level 10 in Earth Magic
 54915 | Spider:1 | Noticed Josephine
 54925 | Spider:1 | Killed Josephine
 55288 | Spider:1 | Identified Kaosmog's Incunabulum of the Bouncing Scars
 55404 | Spider:2 | Reached skill level 10 in Transmutations
 55539 | Spider:2 | Received a gift from Okawaru
 56681 | Spider:3 | Noticed Kirke
 56695 | Spider:3 | Killed Kirke
 57092 | Spider:4 | Entered Level 4 of the Spider Nest
 57109 | Spider:4 | Received a gift from Okawaru
 57172 | Spider:4 | Reached ****** piety under Okawaru
 57208 | Spider:4 | Reached XP level 20. HP: 136/147 MP: 28/28
 57478 | Spider:4 | Reached skill level 16 in Fighting
 57775 | Spider:4 | Got a gossamer rune of Zot
 58476 | Vaults:1 | Entered Level 1 of the Vaults
 58519 | Vaults:1 | Found a portal to a secret trove of treasure.
 59421 | Vaults:1 | Received a gift from Okawaru
 60576 | Vaults:2 | Found Suymakh's Weapon Emporium.
 60944 | Vaults:2 | Reached XP level 21. HP: 155/155 MP: 27/31
 61522 | Vaults:2 | Reached skill level 17 in Fighting
 61648 | Vaults:2 | Received a gift from Okawaru
 63237 | Vaults:3 | Reached skill level 15 in Dodging
 63270 | Vaults:3 | Received a gift from Okawaru
 63582 | Vaults:3 | Reached skill level 18 in Fighting
 63582 | Vaults:3 | Reached XP level 22. HP: 165/165 MP: 34/34
 63918 | Vaults:3 | Identified the +6 scimitar of Indomitability {drain, *Noise *Drain Int+9} (You took it off an ironbrand convoker on level 3 of the Vaults)
 64289 | Vaults:3 | Found a staircase to the Crypt.
 64289 | Vaults:3 | Found a basalt altar of Yredelemnul.
 64290 | Vaults:3 | Found an ancient bone altar of Kikubaaqudgha.
 64477 | Vaults:4 | Found Xikhlayff's Distillery.
 64482 | Vaults:4 | Bought a potion of might for 92 gold pieces
 64482 | Vaults:4 | Bought a potion of heal wounds for 115 gold pieces
 64482 | Vaults:4 | Bought a potion of heal wounds for 115 gold pieces
 64488 | Vaults:4 | Learned a level 5 spell: Dispel Undead
 64727 | Vaults:4 | Found a large runed door.
 64727 | Vaults:4 | Found a large runed door.
 64727 | Vaults:4 | Noticed Gugguf's ghost (veteran HuFi)
 64727 | Vaults:4 | Noticed Exkageocw's ghost (adept DECj)
 66397 | Orc:2    | Bought a scroll of enchant armour for 75 gold pieces
 66397 | Orc:2    | Bought a scroll of brand weapon for 200 gold pieces
 66397 | Orc:2    | Bought a scroll of enchant armour for 75 gold pieces
 67268 | Vaults:5 | Entered Level 5 of the Vaults
 67453 | Vaults:5 | Received a gift from Okawaru
 67562 | Vaults:5 | Noticed a golden dragon
 67564 | Vaults:5 | Noticed a golden dragon
 67565 | Vaults:5 | Killed a golden dragon
 67570 | Vaults:5 | Killed a golden dragon
 67573 | Vaults:5 | Reached skill level 19 in Fighting
 67697 | Vaults:5 | Reached XP level 23. HP: 104/174 MP: 25/35
 67874 | Vaults:5 | Found Jabri's Distillery.
 67939 | Vaults:5 | Received a gift from Okawaru
 67949 | Vaults:5 | Got a scorched large shield {god gift}
 68147 | Vaults:5 | Identified the Tome of Noxious Malediction
 68150 | Vaults:5 | Got a silver rune of Zot
 68258 | Vaults:5 | Noticed a golden dragon
 68279 | Vaults:5 | Killed a golden dragon
 68681 | Vaults:5 | Reached skill level 15 in Long Blades
 68710 | Vaults:5 | Received a gift from Okawaru
 69371 | Vaults:5 | Reached skill level 20 in Fighting
 69701 | Vaults:5 | Identified the +13 large shield of Death Resistance {rF- rCorr Str+6 Int+8} (Okawaru gifted it to you on level 5 of the Vaults)
 69702 | Vaults:5 | Bought a potion of heal wounds for 120 gold pieces
 69702 | Vaults:5 | Bought a potion of magic for 192 gold pieces
 69702 | Vaults:5 | Bought a potion of mutation for 192 gold pieces
 69702 | Vaults:5 | Bought 2 potions of might for 192 gold pieces
 69702 | Vaults:5 | Bought a potion of might for 96 gold pieces
 69702 | Vaults:5 | Bought a potion of resistance for 240 gold pieces
 70057 | Depths:1 | Entered Level 1 of the Depths
 70077 | D:15     | Reached XP level 24. HP: 183/183 MP: 30/35
 70111 | Depths:1 | Received a gift from Okawaru
 70151 | Depths:1 | Got a pitted buckler {god gift}
 70162 | Depths:1 | Identified the +1 buckler "Lugoqot" {rCorr} (Okawaru gifted it to you on level 1 of the Depths)
 70886 | Depths:1 | Found Lunuylos's Food Boutique.
 70894 | Depths:1 | Bought a ration for 70 gold pieces
 70894 | Depths:1 | Bought a ration for 70 gold pieces
 70894 | Depths:1 | Bought a ration for 70 gold pieces
 70894 | Depths:1 | Bought a ration for 70 gold pieces
 70894 | Depths:1 | Bought a ration for 70 gold pieces
 71021 | Depths:1 | Noticed Sojobo
 71037 | Depths:1 | Killed Sojobo
 71234 | Depths:1 | Found a gateway to Hell.
 71760 | Depths:2 | Found a radiant altar of Vehumet.
 71763 | Depths:2 | Noticed the Enchantress
 71780 | Depths:2 | Killed the Enchantress
 71993 | Depths:2 | Identified the ring "Vogruzupt" {*Drain +Inv rPois rC++ MR+} (You took it off the Enchantress on level 2 of the Depths)
 72447 | Depths:3 | Received a gift from Okawaru
 72451 | Depths:3 | Reached skill level 21 in Fighting
 72675 | Depths:3 | Gained mutation: Your muscles are strong. (Str +2) [a shining eye]
 72845 | Depths:3 | Noticed Mennas
 72856 | Depths:3 | Killed Mennas
 72856 | Depths:3 | Reached XP level 25. HP: 193/193 MP: 30/35
 72875 | Depths:3 | Received a gift from Okawaru
 72916 | Depths:3 | Found a glowing silver altar of Zin.
 73747 | Depths:3 | Found a gateway to a bazaar.
 73763 | Bazaar   | Entered a bazaar
 73777 | Bazaar   | Found Qaubataj's Magic Scroll Emporium.
 73777 | Bazaar   | Found Zoafeuz's Gadget Shoppe.
 73794 | Bazaar   | Found Meskuren's General Store.
 73794 | Bazaar   | Found Zojaehes's Magic Scroll Shoppe.
 73820 | Bazaar   | Found Rathreole's General Store.
 73869 | Bazaar   | Bought a scroll of holy word for 127 gold pieces
 73869 | Bazaar   | Bought a scroll of teleportation for 51 gold pieces
 73869 | Bazaar   | Bought a scroll of teleportation for 51 gold pieces
 73875 | Bazaar   | Bought the ring of Zocwed {Str+2 Int+2 Slay+5} for 595 gold pieces
 73889 | Bazaar   | Bought a scroll of teleportation for 30 gold pieces
 73889 | Bazaar   | Bought a scroll of blinking for 75 gold pieces
 73889 | Bazaar   | Bought a scroll of summoning for 95 gold pieces
 73908 | Bazaar   | Bought a scroll of enchant armour for 112 gold pieces
 73908 | Bazaar   | Bought a ration for 75 gold pieces
 73908 | Bazaar   | Bought a ration for 75 gold pieces
 74196 | Depths:3 | Found a one-way gate leading to the halls of Pandemonium.
 74333 | Depths:4 | Cast into level 4 of the Abyss (a Zot trap)
 74605 | Abyss:4  | Reached skill level 22 in Fighting
 74630 | Abyss:4  | Paralysed by accursed screaming for 1 turns
 74733 | Depths:4 | Escaped the Abyss
 74734 | Depths:4 | Found a one-way gate to the infinite horrors of the Abyss.
 74848 | Depths:4 | Gained mutation: Your flesh is heat resistant. (rF+) [a neqoxec]
 74849 | Depths:4 | Gained mutation: You are frail. (-10% HP) [a neqoxec]
 74853 | Depths:4 | Lost mutation: You are frail. (-10% HP) [potion of mutation]
 74853 | Depths:4 | Lost mutation: Your flesh is heat resistant. (rF+) [potion of mutation]
 74853 | Depths:4 | Lost mutation: Your muscles are strong. (Str +2) [potion of mutation]
 74853 | Depths:4 | Gained mutation: You can translocate small distances at will. [potion of mutation]
 74853 | Depths:4 | Gained mutation: Your mind is acute. (Int +2) [potion of mutation]
 74853 | Depths:4 | Gained mutation: You are agile. (Dex +2) [potion of mutation]
 75523 | Depths:4 | Found a gateway to a ziggurat.
 76236 | Depths:5 | Entered Level 5 of the Depths
 76284 | Depths:5 | Received a gift from Okawaru
 76359 | Depths:5 | Reached skill level 15 in Stealth
 76452 | Depths:5 | Found a snail-covered altar of Cheibriados.
 76869 | Depths:5 | Reached XP level 26. HP: 204/204 MP: 32/35
 76895 | Depths:5 | Received a gift from Okawaru
 76906 | Depths:5 | Found a gate to the Realm of Zot.
 77019 | Depths:5 | Reached skill level 23 in Fighting
 77143 | Depths:5 | Found a runed door.
 77143 | Depths:5 | Noticed Poenetso's ghost (journeyman SpBe)
 77483 | Depths:5 | Killed Poenetso's ghost
 77489 | Depths:5 | Identified the ring of the Traitor {rElec rF+ Int+3} (You found it on level 5 of the Depths)
 77563 | Zot:1    | Entered Level 1 of the Realm of Zot
 78412 | Zot:1    | Received a gift from Okawaru
 78818 | Zot:1    | Noticed an ancient lich
 78821 | Zot:1    | Killed an ancient lich
 78821 | Zot:1    | Received a gift from Okawaru
 78821 | Zot:1    | Reached skill level 24 in Fighting
 78939 | Zot:1    | Reached XP level 27. HP: 214/214 MP: 4/35
 80183 | Zot:3    | Received a gift from Okawaru
 80218 | Zot:3    | Identified the +3 long sword of a bailey {protect, -Tele Dex+8} (Okawaru gifted it to you on level 3 of the Realm of Zot)
 80903 | Zot:3    | Found a runed gate.
 80903 | Zot:3    | Found a runed gate.
 80903 | Zot:3    | Found a runed gate.
 80905 | Zot:3    | Noticed Ghella's ghost (legendary GrFi)
 81407 | Zot:3    | Paralysed by a Zot trap for 2 turns
 81591 | Zot:4    | Received a gift from Okawaru
 81617 | Zot:4    | Reached skill level 25 in Fighting
 81737 | Zot:4    | Noticed an ancient lich
 81913 | Zot:4    | Killed an ancient lich
 82483 | Zot:4    | Reached skill level 26 in Fighting
 82768 | Zot:4    | Received a gift from Okawaru
 82873 | Zot:4    | Found a runed door.
 82874 | Zot:4    | Noticed Noal's ghost (legendary DDFi)
 82922 | Zot:5    | Entered Level 5 of the Realm of Zot
 82965 | Zot:5    | Found a runed door.
 82967 | Zot:5    | Noticed Woelael's ghost (legendary NaFi)
 83097 | Zot:5    | Identified the Disquisition on Toxins and Enchantment
 83638 | Zot:5    | Received a gift from Okawaru
 83642 | Zot:5    | Noticed an orb of fire
 83642 | Zot:5    | Noticed an ancient lich
 83661 | Zot:5    | Killed an ancient lich
 83664 | Zot:5    | Noticed an ancient lich
 83676 | Zot:5    | Killed an ancient lich
 83676 | Zot:5    | Reached skill level 27 in Fighting
 83683 | Zot:5    | Killed an orb of fire
 83691 | Zot:5    | Received a gift from Okawaru
 83701 | Zot:5    | Noticed an ancient lich
 83709 | Zot:5    | Killed an ancient lich
 83747 | Zot:5    | Noticed an ancient lich
 83758 | Zot:5    | Killed an ancient lich
 83759 | Zot:5    | Noticed an orb of fire
 83769 | Zot:5    | Killed an orb of fire
 84235 | Zot:5    | Noticed an orb of fire
 84236 | Zot:5    | Lost mutation: You are agile. (Dex +2) [an orb of fire]
 84244 | Zot:5    | Gained mutation: You are frail. (-10% HP) [an orb of fire]
 84247 | Zot:5    | Gained mutation: Your magical capacity is low. (-10% MP) [an orb of fire]
 84251 | Zot:5    | Killed an orb of fire
 84251 | Zot:5    | Received a gift from Okawaru
 84309 | Zot:5    | Noticed an orb of fire
 84321 | Zot:5    | Gained mutation: You are somewhat resistant to further mutation. [an orb of fire]
 84330 | Zot:5    | Killed an orb of fire
 84720 | Zot:5    | Got the Orb of Zot
 84847 | Zot:1    | Noticed Ucomoiw the pandemonium lord
 84863 | Zot:1    | Killed Ucomoiw the pandemonium lord
 85126 | D:11     | Noticed Cahemeni the pandemonium lord
 85211 | D:9      | Noticed Qataskiomo the pandemonium lord
 85224 | D:9      | Killed Qataskiomo the pandemonium lord
 85241 | D:9      | Lost mutation: You are frail. (-10% HP) [potion of mutation]
 85241 | D:9      | Lost mutation: Your magical capacity is low. (-10% MP) [potion of mutation]
 85241 | D:9      | Gained mutation: You are surrounded by a mild repulsion field. (EV +2) [potion of mutation]
 85241 | D:9      | Gained mutation: Your spells are a little harder to cast, but a little more powerful. [potion of mutation]
 85293 | D:4      | Noticed Heeruz the pandemonium lord
 85307 | D:4      | Killed Heeruz the pandemonium lord
 85332 | D:3      | Noticed Jogem the pandemonium lord
 85410 | D:1      | Received a gift from Okawaru
 85416 | D:1      | Identified the +0 hat of Freedom {rC+ Str+3} (Okawaru gifted it to you on level 1 of the Dungeon)
 85480 | D:$      | Escaped with the Orb!

Vault maps used:
D:1:      scummos_arrival_forest
D:2:      nicolae_overflow_crystal_walls, uniq_sigmund
D:3:      trog_eyes_of_draining, lemuel_round_altar
D:4:      minmay_opposing_rooms, xom_confusion_cloud,
          minmay_temple_entry_junction, uniq_grinder
D:5:      gammafunk_temple_overflow_wave, first_ration, minmay_misc_feat_rows
D:6:      kennysheep_big_flooded_room, gup_sewer_entry_pipe,
          kennysheep_generic_room_12
D:7:      old_standard_altar, uniq_menkaure
D:8:      minmay_the_grid_triangle_9x9_rhombus_thin, vehumet_altar_wand_db,
          slow_altar_1, grunt_ogre_cave
D:9:      kennysheep_town
D:10:     roderic_roman_lattice, uniq_urug
D:11:     david_orc_1_choice, minmay_misc_feat_enclosed
D:12:     corexii_leaking_fountain, uniq_frances
D:13:     erik_vaults_1, uniq_snorg, uniq_azrael
D:14:     kennysheep_nondescript
D:15:     grunt_enter_depths_snipers, nicolae_tso_carved_into_rock,
          ebering_ghost_inner_flame, guppyfry_shop_venom
Temple:   oiseaux_autumnal_temple
Lair:1:   nicolae_quartered_pool_medium, grunt_megastairs_2,
          infiniplex_staircase_pool_2
Lair:2:   minmay_lair_oklob_chamber
Lair:3:   spider_nest_entry_webs, grunt_megastairs_4, lemuel_fruit_tree,
          uniq_fannar
Lair:4:   swamp_mist_pool, ebering_ghost_reflecting_pool, uniq_harold
Lair:5:   slime_altar_1, disabler_island
Lair:6:   minmay_lair_end_enchanted_forest
Swamp:1:  evilmike_swamp_ruin_house_5
Swamp:2:  hangedman_swamp_ruin_wall, infiniplex_staircase_pool, uniq_aizul
Swamp:3:  evilmike_swamp_ruin_house_2, uniq_nikola
Swamp:4:  swamp_alternative, swamp_pool4, uniq_bai_suzhen
Spider:1: nicolae_spider_webbed_stairs, uniq_josephine
Spider:3: uniq_kirke
Spider:4: spider_rune_water, nicolae_spider_stair_cavern
Orc:1:    serial_shops, shop, bloody_makhleb
Orc:2:    st_orc_elflike, uniq_maurice
Elf:1:    elf_arrival_001, serial_shops, nicolae_shop_window_shopping,
          minmay_elf_demonology, nicolae_twisting_strands
Elf:2:    serial_shops, nicolae_shop_window_shopping, shop, shop, shop_fountains
Elf:3:    elf_hall, minmay_shop_grove
Vaults:1: ontoclasm_vaults_fault, nicolae_vaults_network_barrier,
          nicolae_vaults_theta, vaults_standard_mumra_enter_the_diamond,
          hangedman_vaults_maws, vaults_mumra_chevron, v_pattern_5,
          hangedman_vaults_restitches, hangedman_vaults_restitches,
          nicolae_vaults_little_squares_2, grunt_vaults_hallway_short,
          vaults_mumra_chevron_long, enter_trove_3
Vaults:2: vaults_room_fancy_cross, v_rooms_4, kb_rosetta, v_alt_pattern_4,
          nicolae_vaults_triangles, nicolae_vaults_twisting_passages,
          vaults_dpeg_ring, nicolae_vaults_arrows,
          nicolae_vaults_little_squares_6, ontoclasm_vaults_chip,
          dpeg_vaults_monster_box, ontoclasm_vaults_loading_screen,
          vaults_dpeg_hooks
Vaults:3: grunt_vaults_focal, ontoclasm_vaults_tryst,
          nicolae_vaults_angled_halls, vaults_room_fancy_cross,
          vaults_dpeg_spiral, minmay_crypt_entry_necro_gods,
          hangedman_vaults_snaps, v_misc_18, v_misc_22, vaults_room_corners
Vaults:4: advil_vaults_ghost_guards, v_alt_pattern_3, v_misc_2,
          vaults_room_hallway, grunt_vaults_hallway_short, grunt_vaults_swirl,
          nicolae_vaults_theta, ontoclasm_vaults_ring_large, st_spiral_rooms,
          serial_shops, shop
Depths:1: serial_column_ruins, column_ruins_open_small, column_ruins_open_tiny,
          column_ruins_open_large, column_ruins_grid_3,
          column_ruins_columns_straight, kennysheep_small_spiral, serial_shops,
          shop, pf_hell_entry_great_geh, grunt_decor_arrowhead,
          solitary_fountain, spider_trap, lemuel_flamethrower_2, uniq_sojobo
Depths:2: grunt_forest_end_shrine, hell_entry, kennysheep_pointless_box,
          infiniplex_staircase_spiral_double
Depths:3: evilmike_silver_temple, rand_demon_pan_entry_4,
          hangedman_abyss_or_decor_stabs, serial_sigils,
          serial_sigils_hangedman_writhe, serial_sigils_hangedman_confine,
          serial_sigils_hangedman_clutch, serial_sigils_hangedman_shear,
          serial_shops, statue_bzr, hell_entry
Depths:4: constructs_gauntlet_mu_hangedman, enter_ziggurat_a,
          serial_bayou_lagoon_a, hell_entry, abyss_entry,
          rand_demon_pan_entry_1, onia_ninara_dug_in_and_dangerous,
          minmay_staircase_windowed_small, serial_bayou_shore_a
Depths:5: grunt_zot_entry_hairpin, grunt_hell_entry_dis_old,
          gammafunk_ghost_grave, minivault_14, interstate_on_off,
          cheibriados_altar_1
Zot:1:    kennysheep_oblong_rooms, hangedman_player_shredder
Zot:2:    lemuel_elevator
Zot:3:    gammafunk_ghost_necromancy
Zot:4:    hangedman_zot_vaults_quadrants, gammafunk_ghost_grave,
          bh_zot_levy_curve, grunt_ministairs_4
Zot:5:    ebering_ghost_inner_flame, st_stairs_8, grunt_ministairs_1,
          nicolae_lava_and_water
Abyss:4:  guppyfry_abyss_exit_imp_island, evilmike_abyss_exit_glass,
          lemuel_flamethrower_3
Bazaar:   bazaar_long_row
Sewer:    kennysheep_door_sewer

Skill      XL: |  1  2  3  4  5  6  7  8  9 10 11 12 13 14 15 16 17 18 19 20 21 22 23 24 25 26 27 |
---------------+----------------------------------------------------------------------------------+-----
Stealth        | 3 4 5 6 7 8 9 10 12 13 14 15 20 | 20.4
Dodging        | 4 5 6 7 8 9 10 11 12 13 15 16 17 18 19 20 | 20.0
Fighting       | 4 5 6 7 8 9 10 12 13 14 15 16 18 19 20 21 22 24 27 | 27.0
Short Blades   | 4 5 |  5.6
Invocations    | 1 3 4 5 7 |  7.0
Necromancy     | 1 2 3 5 6 |  6.0
Spellcasting   | 2 4 5 7 8 |  8.0
Long Blades    | 3 5 8 9 10 11 12 14 15 | 15.6
Shields        | 2 3 4 7 9 11 13 14 15 16 17 18 22 | 22.0
Translocations | 2 3 |  3.0
Charms         | 2 3 |  3.0
Earth Magic    | 4 6 8 10 11 12 | 12.0
Evocations     | 3 5 6 |  6.0
Transmutations | 5 10 11 12 | 12.0

Action                   |  1- 3 |  4- 6 |  7- 9 | 10-12 | 13-15 | 16-18 | 19-21 | 22-24 | 25-27 || total
-------------------------+-------+-------+-------+-------+-------+-------+-------+-------+-------++-------
Melee: Short sword       |    92 |    84 |   252 |       |       |       |       |       |       ||   428
       Constrict         |    16 |    25 |    64 |    86 |   148 |   195 |   246 |   111 |   198 ||  1089
       Tentacles         |     9 |    15 |    79 |   110 |   337 |   372 |   458 |   342 |   441 ||  2163
       Punch             |       |       |     4 |    11 |    45 |    34 |     5 |    13 |    23 ||   135
       Scimitar          |       |       |    61 |   420 |  1054 |   627 |   205 |       |       ||  2367
       Dagger            |       |       |       |     8 |    23 |       |       |       |       ||    31
       Flail             |       |       |       |       |    35 |       |       |       |       ||    35
       Quick blade       |       |       |       |       |   209 |   188 |       |       |       ||   397
       Long sword        |       |       |       |       |       |   282 |  1384 |   222 |       ||  1888
       Cutlass           |       |       |       |       |       |   189 |    35 |    48 |    81 ||   353
       Double sword      |       |       |       |       |       |       |       |   868 |  1301 ||  2169
Throw: Stone             |       |       |     2 |       |       |       |       |       |       ||     2
       Javelin           |       |       |     1 |     2 |    29 |    19 |       |       |       ||    51
       Tomahawk          |       |       |       |       |    25 |       |       |       |       ||    25
 Cast: Animate Skeleton  |       |       |     4 |    35 |    89 |    21 |     5 |     4 |       ||   158
       Apportation       |       |       |       |       |     3 |       |       |       |       ||     3
       Regeneration      |       |       |       |       |     2 |    25 |     5 |    26 |    40 ||    98
       Animate Dead      |       |       |       |       |    14 |    17 |    14 |    13 |    10 ||    68
       Shroud of Golubri |       |       |       |       |     1 |    20 |     1 |     1 |       ||    23
       Blink             |       |       |       |       |     1 |     1 |     1 |       |       ||     3
       Borgnjor's Vile C |       |       |       |       |       |     5 |    16 |    17 |     9 ||    47
       Ensorcelled Hiber |       |       |       |       |       |     1 |       |       |       ||     1
       Statue Form       |       |       |       |       |       |       |    51 |    53 |    98 ||   202
Invok: Heroism           |       |       |    13 |    36 |    81 |    64 |    16 |    19 |    26 ||   255
       Finesse           |       |       |       |     1 |       |       |       |       |     3 ||     4
 Abil: Evoke Invisibilit |       |       |       |       |       |     2 |     6 |     2 |     4 ||    14
Evoke: Wand              |       |       |     2 |    15 |    25 |    17 |    12 |     1 |    25 ||    97
       Phantom mirror    |       |       |       |       |     1 |       |       |       |       ||     1
       Lightning rod     |       |       |       |       |     4 |       |       |       |     2 ||     6
       Phial of floods   |       |       |       |       |     1 |     2 |       |       |       ||     3
       Sack of spiders   |       |       |       |       |       |     2 |       |       |       ||     2
  Use: Potion            |       |     2 |     1 |     2 |       |     5 |     2 |    10 |    16 ||    38
       Scroll            |       |       |    15 |    10 |    14 |    17 |    14 |    29 |    29 ||   128
 Stab: Sleeping          |    19 |     4 |    15 |    24 |    51 |    61 |    49 |    26 |    49 ||   298
       Distracted        |       |       |       |     3 |    10 |    15 |    11 |    10 |     7 ||    56
       Invisible         |       |       |       |       |       |     2 |    10 |     1 |    13 ||    26
       Paralysed         |       |       |       |       |       |       |     2 |       |       ||     2
       Confused          |       |       |       |       |       |       |       |       |     2 ||     2
  Eat: Chunk             |     2 |     6 |    12 |    23 |    35 |    25 |    22 |    18 |    17 ||   160
       Ration            |       |       |     1 |     2 |     8 |    11 |    16 |    13 |    21 ||    72
Armor: Skin              |     4 |     4 |     7 |     6 |    54 |    35 |   348 |   251 |   211 ||   920
Dodge: Dodged            |    43 |    62 |   200 |   243 |   647 |   425 |  1553 |   933 |  1103 ||  5209
Block: Buckler           |       |       |     6 |   118 |    43 |       |       |       |       ||   167
       Reflection        |       |       |     1 |     4 |     5 |    41 |    60 |   111 |    53 ||   275
       Shield            |       |       |       |       |   609 |   583 |  1935 |  1402 |  1342 ||  5871
       Large shield      |       |       |       |       |       |       |       |       |   239 ||   239
       Other             |       |       |       |       |       |       |       |       |     1 ||     1
       Rpst.: Scimitar   |       |       |    11 |    51 |   142 |    66 |    33 |       |       ||   303
       Long sword        |       |       |       |       |       |    26 |   260 |    27 |       ||   313
       Double sword      |       |       |       |       |       |       |       |   130 |   162 ||   292

Table legend:
 A = Spawn XP
 B = Non-spawn XP
 C = Spawn XP percentage of total XP
 D = Spawn monster count
 E = Non-spawn monster count
 F = Spawn count percentage of total count
 G = Total turns spent on level
                    A         B        C        D         E        F      G
               +---------+---------+-------+---------+---------+-------+---------
         Total |   11593 | 1642682 |   0.7 |      18 |    2430 |   0.7 | 85480
               +---------+---------+-------+---------+---------+-------+---------
           D:1 |       0 |      27 |   0.0 |       0 |      20 |   0.0 |  1118
           D:2 |       0 |     303 |   0.0 |       0 |      29 |   0.0 |  1162
           D:3 |       0 |     146 |   0.0 |       0 |      22 |   0.0 |  1084
           D:4 |       0 |     726 |   0.0 |       0 |      28 |   0.0 |  1302
           D:5 |       0 |     339 |   0.0 |       0 |      11 |   0.0 |   669
           D:6 |       0 |    1287 |   0.0 |       0 |      36 |   0.0 |  1709
           D:7 |       0 |    1620 |   0.0 |       0 |      16 |   0.0 |  1447
           D:8 |       0 |    5225 |   0.0 |       0 |      47 |   0.0 |  2207
           D:9 |       0 |    6814 |   0.0 |       0 |      69 |   0.0 |  3634
          D:10 |       0 |    2720 |   0.0 |       0 |      21 |   0.0 |  2079
          D:11 |       0 |    6588 |   0.0 |       0 |      55 |   0.0 |  3343
          D:12 |       0 |    8581 |   0.0 |       0 |      34 |   0.0 |  1165
          D:13 |       0 |    9841 |   0.0 |       0 |      36 |   0.0 |  1640
          D:14 |       0 |    7170 |   0.0 |       0 |      26 |   0.0 |  1469
          D:15 |       0 |   24221 |   0.0 |       0 |      46 |   0.0 |  2778
        Lair:1 |       0 |    8156 |   0.0 |       0 |      37 |   0.0 |  1104
        Lair:2 |       0 |    5749 |   0.0 |       0 |      26 |   0.0 |  3234
        Lair:3 |       0 |   13435 |   0.0 |       0 |      40 |   0.0 |  2135
        Lair:4 |       0 |    6148 |   0.0 |       0 |      21 |   0.0 |  1511
        Lair:5 |       0 |    5159 |   0.0 |       0 |      25 |   0.0 |  2007
        Lair:6 |       0 |   15976 |   0.0 |       0 |      67 |   0.0 |  1587
       Swamp:1 |       0 |   10117 |   0.0 |       0 |      34 |   0.0 |  1279
       Swamp:2 |       0 |    7591 |   0.0 |       0 |      18 |   0.0 |   675
       Swamp:3 |       0 |   19802 |   0.0 |       0 |      34 |   0.0 |  2200
       Swamp:4 |       0 |   33901 |   0.0 |       0 |      58 |   0.0 |  1467
      Spider:1 |       0 |   10891 |   0.0 |       0 |      36 |   0.0 |  1001
      Spider:2 |       0 |   15333 |   0.0 |       0 |      42 |   0.0 |  1280
      Spider:3 |       0 |   12434 |   0.0 |       0 |      45 |   0.0 |   537
      Spider:4 |       0 |   35503 |   0.0 |       0 |      91 |   0.0 |  1104
         Orc:1 |       0 |    3662 |   0.0 |       0 |      39 |   0.0 |  2072
         Orc:2 |       0 |   16378 |   0.0 |       0 |      81 |   0.0 |  1947
         Elf:1 |       0 |   24534 |   0.0 |       0 |      41 |   0.0 |  1652
         Elf:2 |       0 |   22723 |   0.0 |       0 |      35 |   0.0 |  2077
         Elf:3 |       0 |   78273 |   0.0 |       0 |      75 |   0.0 |  4052
      Vaults:1 |       0 |   38333 |   0.0 |       0 |      76 |   0.0 |  2312
      Vaults:2 |       0 |   87557 |   0.0 |       0 |     141 |   0.0 |  2342
      Vaults:3 |       0 |   52469 |   0.0 |       0 |      87 |   0.0 |  1833
      Vaults:4 |       0 |   53938 |   0.0 |       0 |      69 |   0.0 |  1912
      Vaults:5 |       0 |  160741 |   0.0 |       0 |     132 |   0.0 |  2306
      Depths:1 |       0 |   44928 |   0.0 |       0 |      41 |   0.0 |  1242
      Depths:2 |       0 |   50142 |   0.0 |       0 |      65 |   0.0 |   900
      Depths:3 |       0 |   60345 |   0.0 |       0 |      66 |   0.0 |  1628
      Depths:4 |       0 |   63427 |   0.0 |       0 |      62 |   0.0 |  1599
      Depths:5 |       0 |   69141 |   0.0 |       0 |      61 |   0.0 |  1411
         Zot:1 |       0 |  140202 |   0.0 |       0 |      77 |   0.0 |  1931
         Zot:2 |       0 |   20756 |   0.0 |       0 |      12 |   0.0 |   766
         Zot:3 |       0 |   58511 |   0.0 |       0 |      43 |   0.0 |  1315
         Zot:4 |       0 |  109102 |   0.0 |       0 |      61 |   0.0 |  1471
         Zot:5 |       0 |  201445 |   0.0 |       0 |      65 |   0.0 |  1863
       Abyss:4 |   11593 |   10130 |  53.4 |      18 |      25 |  41.9 |   400
         Sewer |       0 |     142 |   0.0 |       0 |       6 |   0.0 |   277
               +---------+---------+-------+---------+---------+-------+---------
